cohdb
Replays
Latest Replays
All Replays
Popular Replays
Top Player Replays
Match Explorer
How It Works
Community
CoH3 Stats
Reddit
Sign in to upload your games and track your stats! →
Sign in with Steam
Match 42693304
Unlisted
Match 42693304
Overview
Messages
Build Orders
End
Scout Squad
Construct Weapon Support Center
M1919 Machine Gun Team
M1919 Machine Gun Team
Bazooka Squad
Infantry Support Center
M1919 Machine Gun Team
M3 Armored Personnel Carrier
Selects Heavy Weapons
Selects Assault Carriers
Selects Exchangeable Parts
M3 Assault Carrier
Engineer Squad
M1919 Machine Gun Team
Selects M2HB .50cal Heavy Machine Gun
Construct Barracks
M3 Assault Carrier
M3 Assault Carrier
M1919 Machine Gun Team
Construct Medical Station
M1919 Machine Gun Team
M1919 Machine Gun Team
Bazooka Squad
Improved M9 Bazooka Rockets
M1919 Machine Gun Team
Bazooka Squad
Insomniac
Elphiroce
S.S.Vodka
Definitely Not Juzo
0
0
Comments
sign in to comment!
No comments posted yet!